 Dungeon Crawl Stone Soup version 0.18.1-50-g88ac8fd (webtiles) character file.

133 sleepydude the Shield-Bearer (level 5, -4/42 HPs)
             Began as a Formicid Fighter on Oct 16, 2016.
             Slain by a gnoll
             ... wielding a +0 whip of flaming
              (6 damage)
             ... on level 2 of the Dungeon.
             The game lasted 00:04:02 (1214 turns).

sleepydude the Shield-Bearer (Formicid Fighter)     Turns: 1214, Time: 00:04:03

Health: -4/42      AC:  7    Str: 20    XL:     5   Next: 40%
Magic:  5/5        EV:  8    Int:  7    God:
Gold:   40         SH:  9    Dex: 10    Spells: 0 memorised, 4 levels left

rFire  . . .     SeeInvis +     a - +0 flail
rCold  . . .     Gourm    .     b - +0 scale mail
rNeg   . . .     Faith    .     c - +0 shield
rPois  .         Spirit   .     (helmet unavailable)
rElec  .         Dismiss  .     (no cloak)
rCorr  .         Reflect  .     (no gloves)
SustAt .         Harm     .     (no boots)
MR     .....                    (no amulet)
Stlth  ..........               (no ring)
                                o - -2 ring of strength (curse)

@: not resistant to hostile enchantments, extremely unstealthy
A: permanent stasis, dig shafts and tunnels, four strong arms, antennae 3
a: Dig, Shaft Self


You were on level 2 of the Dungeon.
You were hungry.

You visited 1 branch of the dungeon, and saw 2 of its levels.

You collected 40 gold pieces.

Inventory:

Hand Weapons
 a - a +0 flail (weapon)
Armour
 b - a +0 scale mail (worn)
 c - a +0 shield (worn)
Jewellery
 o - a cursed -2 ring of strength (left hand)
Scrolls
 g - a scroll of random uselessness
 l - a scroll of identify
Potions
 d - a potion of might
 e - a potion of curing
 i - a potion of lignification {unknown}
 j - a potion of beneficial mutation {unknown}
 m - a potion of magic {unknown}
Comestibles
 f - a bread ration
 h - a beef jerky


   Skills:
 + Level 4.1 Fighting
 * Level 3.5 Maces & Flails
 + Level 4.0 Armour
 + Level 4.4 Shields


You had 4 spell levels left.
You didn't know any spells.

Dungeon Overview and Level Annotations

Branches:
Dungeon (2/15)

Altars:

Annotations:
D:2 Robin


Innate Abilities, Weirdness & Mutations

You are under a permanent stasis effect.
You can dig through walls and to a lower floor.
Your four strong arms can wield two-handed weapons with a shield.
You have a pair of large antennae on your head (SInv).


Message History

You block Robin's attack. You block the goblin's attack.
A gnoll comes into view. It is wielding a whip of flaming.
You closely miss the goblin. You block the goblin's attack.
Robin hits you but does no damage.
You miss the goblin. The goblin barely misses you.
You closely miss the goblin. The goblin hits you with a club.
* * * LOW HITPOINT WARNING * * *
Robin hits you but does no damage. The goblin hits you with a club.
* * * LOW HITPOINT WARNING * * *
You thump the goblin!
You kill the goblin!
Robin hits you but does no damage. The gnoll barely misses you.
Robin's horned helmet rattles.
You block Robin's attack.
You are feeling hungry.
You sock the gnoll!
The gnoll is heavily wounded.
You block Robin's attack.
The gnoll hits you with a whip of flaming.
You die...

.......#
#.........##...# ##.# #.
.......#
#.........##...# #.# #.
..##...#
#.........####.# #(# #.
..##...# ####......# #.#
#.. #. ..##...#
#.........# ##+#####+##.
)†##...# #.........#
#........<.. .......#
#......{#.###...#.......
......##
#########g##....#.......
......#
#@gg##....#.......
......#
###g##....#.......
......# #.##....###.....
......# #.g.....###.....
......# #........##.....
......# #......#.#####..
......# #......#.# ##>
......#
###......#.######.
......#
#..............###


You could see Robin, 2 gnolls and a hobgoblin.

Vanquished Creatures
  Jessica (D:2)
  Terence (D:2)
  4 adders (D:2)
  A worm (D:2)
  A dart slug (D:2)
  A giant gecko (D:2)
  2 ball pythons
  3 bats
  2 giant cockroaches (D:1)
  8 goblins (D:2)
  5 hobgoblins
  4 kobolds
  2 giant newts
  7 rats
42 creatures vanquished.

Notes
Turn   | Place    | Note
--------------------------------------------------------------
     0 | D:1      | sleepydude the Formicid Fighter began the quest for the Orb.
     0 | D:1      | Reached XP level 1. HP: 18/18 MP: 1/1
    97 | D:1      | Reached XP level 2. HP: 24/24 MP: 2/2
   633 | D:2      | Reached XP level 3. HP: 21/29 MP: 3/3
   753 | D:2      | Noticed Terence
   769 | D:2      | Killed Terence
   769 | D:2      | Reached XP level 4. HP: 36/37 MP: 4/4
   779 | D:2      | Noticed Jessica
   795 | D:2      | Killed Jessica
  1041 | D:2      | Reached XP level 5. HP: 42/42 MP: 5/5
  1142 | D:2      | Noticed Robin
  1212 | D:2      | HP: 2/42 [goblin/club[Robin] (5)]
  1214 | D:2      | Slain by a gnoll

Skill      XL: |  1  2  3  4  5 |
---------------+----------------+-----
Shields        | 4 |  4.4
Maces & Flails | 3 |  3.5
Fighting       | 4 |  4.1
Armour         | 4 |  4.0

Action                   |  1- 3 |  4- 6 || total
-------------------------+-------+-------++-------
Melee: Flail             |    58 |   107 ||   165
 Abil: Dig               |       |     1 ||     1
  Use: Scroll            |       |     3 ||     3
  Eat: Chunk             |       |     1 ||     1
Armor: Scale mail        |    21 |    45 ||    66
Dodge: Dodged            |    25 |    40 ||    65
Block: Shield            |    30 |    66 ||    96
